 Dungeon Crawl Stone Soup version 0.27-a0-808-g60bc5d92e6 (webtiles) character file.

Game seed: 12494687281375072581

13 polve the Skirmisher (level 2, 0/24 HPs)
             Began as a Demonspawn Abyssal Knight on Mar 28, 2021.
             Was a Follower of Lugonu.
             Slain by a quokka (1 damage)
             ... on level 1 of the Dungeon.
             The game lasted 00:00:26 (402 turns).

polve the Skirmisher (Demonspawn Abyssal Knight)     Turns: 402, Time: 00:00:27

Health: 0/24       AC:  3    Str: 12    XL:     2   Next: 24%
Magic:  3/3        EV: 11    Int: 13    God:    Lugonu [*.....]
Gold:   22         SH:  0    Dex: 12    Spells: 1/1 levels left

rFire    . . .     SeeInvis .   a - +1 falchion
rCold    . . .     Faith    .   (no shield)
rNeg     . . .     Spirit   .   b - +0 leather armour
rPois    .         Reflect  .   (no helmet)
rElec    .         Harm     .   (no cloak)
rCorr    .         Rampage  .   (no gloves)
Will     .....                  (no boots)
Stlth    +.........             (no amulet)
HPRegen  0.08/turn              c - ring of wizardry
MPRegen  0.08/turn              (no ring)

@: no status effects
A: talons 1
a: Renounce Religion, Depart the Abyss


You were on level 1 of the Dungeon.
You worshipped Lugonu.
Lugonu was aware of your devotion.
You visited 1 branch of the dungeon, and saw 1 of its levels.
You visited the Abyss 1 time.

You collected 22 gold pieces.

Inventory:

Hand Weapons
 a - a +1 falchion (weapon)
Armour
 b - a +0 leather armour (worn)
Jewellery
 c - a ring of wizardry (left hand)
Scrolls
 d - a scroll of teleportation {unknown}
 e - a scroll of amnesia {unknown}


   Skills:
 - Level 3.0 Fighting
 + Level 2.7 Long Blades
 - Level 1.7 Armour
 - Level 0.8 Dodging
 - Level 2.4 Invocations


You had one spell level left.
You didn't know any spells.
Your spell library was empty.

Dungeon Overview and Level Annotations

Branches:
Dungeon (1/15)

Altars:


Innate Abilities, Weirdness & Mutations

You have sharp toenails.


Message History

The quokka is almost dead.
The quokka bites you but does no damage.
The dart slug closely misses you. The kobold hits you with a +0 whip.
The quokka bites you but does no damage.
You are too injured to fight recklessly!
You are too injured to fight recklessly!
You are too injured to fight recklessly!
You are too injured to fight recklessly!
You are too injured to fight recklessly!
You are too injured to fight recklessly!
You are too injured to fight recklessly!
You are too injured to fight recklessly!
You are too injured to fight recklessly!
You are too injured to fight recklessly!
You are too injured to fight recklessly!
You are too injured to fight recklessly!
You barely miss the kobold. You claw the kobold.
The kobold is severely wounded.
The dart slug barely misses you. The quokka barely misses you.
The kobold misses you.
You hit the dart slug.
The dart slug is moderately wounded.
The quokka bites you. The kobold hits you with a +0 whip.
* * * LOW HITPOINT WARNING * * *
The dart slug bites you but does no damage.
You hit the kobold.
You kill the kobold!
Lugonu accepts your kill. The quokka misses you. The quokka barely misses you.
The dart slug launches a dart at you. The slug dart hits you.
* * * LOW HITPOINT WARNING * * *
You hit the dart slug but do no damage.
The dart slug is moderately wounded.
The quokka barely misses you. The dart slug bites you.
* * * LOW HITPOINT WARNING * * *
You barely miss the quokka.
The quokka is almost dead.
The quokka bites you.
You die...

#...#.####......#........
#...#.....##........#..
###....###..........##..
#.......................
#.?.......####.#..##.#..
#...[.....# #.......#..
#.........## #.###......
#####......#... ........
...(...@r.......#...#...
###....w)....$. .......#
............... .......#
............... .......
............... ......
............... ...
...........##!.
.....#...### .#


You could see a dart slug and a quokka.

Vanquished Creatures
  3 ball pythons (D:1)
  A goblin (D:1)
  3 hobgoblins (D:1)
  2 kobolds (D:1)
  2 bats (D:1)
  A rat (D:1)
12 creatures vanquished.

Notes
Turn   | Place    | Note
-------+----------+-------------------------------------------
     0 | Abyss:1  | polve the Demonspawn Abyssal Knight began the quest for the
                  | Orb.
     0 | Abyss:1  | Reached XP level 1. HP: 18/18 MP: 2/2
    11 | Abyss:1  | Found a corrupted altar of Lugonu.
    55 | Abyss:1  | Noticed a raiju
    65 | Abyss:1  | Noticed a ynoxinul
    71 | Abyss:1  | Noticed a dread lich
    72 | Abyss:1  | Noticed a green death
    78 | D:1      | Escaped the Abyss
   332 | D:1      | Gained mutation: You have sharp toenails. [demonic
                  | ancestry]
   332 | D:1      | Reached XP level 2. HP: 24/24 MP: 3/3
   401 | D:1      | HP: 1/24 [dart slug (2)]
   402 | D:1      | Slain by a quokka

Illustrated notes

Levels and vault maps discovered:
D:1:      saegor_arrival_simple_b, layout_rooms

Skill      XL: |  1 |
---------------+----+-----
Long Blades    | 2 |  2.7
Fighting       | |  3.0
Armour         | |  1.7
Dodging        | |  0.8
Invocations    | |  2.4

Action                   || total
-------------------------++-------
Melee: Falchion          ||    24
       Kick              ||     2
Armor: Leather armour    ||    16
Dodge: Dodged            ||    27
       Rpst.: Falchion   ||     6

Table legend: (Time is in decaauts)
 A = Elapsed time spent in this place.
 B = Non-inter-level travel time spent in this place.
 C = Inter-level travel time spent in this place.
 D = Time resting spent in this place.
 E = Time spent auto-exploring this place.
 F = Levels seen in this place.
 G = Mean time per level.
                   A        B        C        D        E       F      G
               +--------+--------+--------+--------+--------+-----+--------+
         Total |    406 |    406 |      0 |      0 |    325 |   2 |  203.0 |
       Dungeon |    328 |    328 |      0 |      0 |    270 |   1 |  328.0 |
         Abyss |     78 |     78 |      0 |      0 |     55 |   1 |   78.0 |
               +--------+--------+--------+--------+--------+-----+--------+

Top non-repeatable levels by time:
     D:1: 328 daAuts
 Abyss:1: 78 daAuts
